 Dungeon Crawl Stone Soup version 0.23-a0-473-gc8aadda (webtiles) character file.

32 Amnesiac the Digger (level 3, 0/26 HPs)
             Began as a Ghoul Earth Elementalist on Nov 27, 2018.
             Slain by a hound (4 damage)
             ... on level 3 of the Dungeon.
             The game lasted 00:02:04 (490 turns).

Amnesiac the Digger (Ghoul Earth Elementalist)       Turns: 490, Time: 00:02:05

Health: 0/26       AC:  2    Str: 11    XL:     3   Next: 25%
Magic:  1/5        EV: 12    Int: 11    God:
Gold:   42         SH:  0    Dex:  9    Spells: 3/6 levels left

rFire    . . .     SeeInvis .   (no weapon)
rCold    + . .     Gourm    .   (no shield)
rNeg     + + +     Faith    .   c - +0 robe
rPois    ∞         Spirit   .   (no helmet)
rElec    .         Reflect  .   (no cloak)
rCorr    .         Harm     .   (no gloves)
MR       .....                  (no boots)
Stlth    ++........             (no amulet)
HPRegen  0.00/turn              (no ring)
MPRegen  0.09/turn              (no ring)

@: rotting
A: rotting body, claws 1, carnivore, cold resistance 1, negative energy
resistance 3, inhibited regeneration, torment resistance, unbreathing
a: no special abilities


You were on level 3 of the Dungeon.
You were not hungry.

You visited 1 branch of the dungeon, and saw 4 of its levels.

You collected 42 gold pieces.

Inventory:

Missiles
 b - 49 stones (quivered)
Armour
 c - a +0 robe (worn)
Scrolls
 a - 2 scrolls of identify {!r, unknown}
 e - a scroll of remove curse {!r, unknown}
 f - a scroll of immolation {!r, unknown}
 g - a scroll of teleportation {!r, unknown}
 j - a scroll of magic mapping {!r, unknown}
Potions
 h - a potion of heal wounds {!q, unknown}
 k - a potion of lignification {!q, unknown}
Comestibles
 d - 3 rations
 i - 2 chunks of flesh


   Skills:
 - Level 1.7 Dodging
 - Level 2.1 Stealth
 + Level 2.2 Spellcasting
 - Level 0.8 Transmutations
 * Level 4.3 Earth Magic


You had 3 spell levels left.
You knew the following spells:

 Your Spells              Type           Power        Failure   Level  Hunger
a - Sandblast             Erth           ##....       4%          1    ##.....
b - Passwall              Tmut/Erth      #.......     16%         2    ###....

Your spell library contained the following spells:

 Spells                   Type           Power        Failure   Level  Hunger
 Stone Arrow              Conj/Erth      #.....       34%         3    ####...
 Petrify                  Tmut/Erth      #.......     69%         4    #####..
 Lee's Rapid Deconstruct  Erth           ##........   80%         5    ######.


Dungeon Overview and Level Annotations

Branches:
Dungeon (4/15)
 Temple: D:4-7

Altars:


Innate Abilities, Weirdness & Mutations

Your body is rotting away.
You thrive on raw meat.
You are immune to poison.
You have sharp fingernails.
You are carnivorous and can eat meat at any time.
Your flesh is cold resistant. (rC+)
You are immune to negative energy. (rN+++)
You do not regenerate when monsters are visible.
You are immune to unholy pain and torment.
You can survive without breathing.


Message History

You scratch the worm.
The worm is almost dead.
You scratch the worm but do no damage.
The worm is almost dead.
The worm bites you!
You scratch the worm.
You kill the worm!
Eating one of 4 chunks of flesh.
You eat one of the 4 chunks of flesh.
This raw flesh tastes great!
There is a stone staircase leading down here.
You start resting.
Your magical contamination has completely faded away.
You start resting.
Magic restored.
You start resting.
Magic restored.
Eating one of 3 chunks of flesh.
You eat one of the 3 chunks of flesh.
This raw flesh tastes great!
You climb downwards.
The hound closely misses you. The hound bites you.
There is a stone staircase leading up here.
Casting: Sandblast (safe; 4% risk of failure)
Confirm with . or Enter, or press ? or * to list all spells.
Aiming: Sandblast (safe; 4% risk of failure)
Press: ? - help, Shift-Dir - straight line, f - hound
Aim: a hound The blast of sand hits the hound.
b - 52 stones The hound bites you.
An orc comes into view. It is wielding a +0 dagger.
The hound barely misses you.
Casting: Sandblast (safe; 4% risk of failure)
Confirm with . or Enter, or press ? or * to list all spells.
Aiming: Sandblast (safe; 4% risk of failure)
Press: ? - help, Shift-Dir - straight line, f/p - hound
Aim: a hound The blast of sand hits the hound.
The hound is lightly wounded.
b - 51 stones The hound bites you but does no damage.
Casting: Sandblast (safe; 4% risk of failure)
Confirm with . or Enter, or press ? or * to list all spells.
Aiming: Sandblast (safe; 4% risk of failure)
Press: ? - help, Shift-Dir - straight line, f/p - hound
Aim: a hound (lightly wounded)
The blast of sand hits the hound.
The hound is severely wounded.
b - 50 stones The hound bites you.
* * * LOW HITPOINT WARNING * * *
The hound bites you.
* * * LOW HITPOINT WARNING * * *
The hound bites you.
* * * LOW HITPOINT WARNING * * *
You climb upwards.
There is a stone staircase leading down here.
Casting: Sandblast (safe; 4% risk of failure)
Confirm with . or Enter, or press ? or * to list all spells.
Aiming: Sandblast (safe; 4% risk of failure)
Press: ? - help, Shift-Dir - straight line, f - hound
Aim: a hound (severely wounded)
The blast of sand misses the hound.
b - 49 stones The hound bites you.
You die...

####.### #......#
#.##.#.# ##+##
#.##.#.# ##...##
#.##...## ##.....##
#.#.....## #.)<....##
#....<...##
.........###.........#
.........'......@h...#
.........###.........#
#.......## ##.......##
##.....## #......##
##...## #.#...## ##+##
#.##### #.# #.#


You could see a hound.

Vanquished Creatures
  An adder (D:2)
  A worm (D:3)
  A dart slug (D:3)
  A leopard gecko (D:1)
  A ball python (D:1)
  3 giant cockroaches (D:1)
  2 goblins (D:2)
  3 hobgoblins
  A bat (D:3)
  A kobold (D:2)
  A rat (D:1)
16 creatures vanquished.

Notes
Turn   | Place    | Note
-------+----------+-------------------------------------------
     0 | D:1      | Amnesiac the Ghoul Earth Elementalist began the quest for
                  | the Orb.
     0 | D:1      | Reached XP level 1. HP: 14/14 MP: 2/2
    98 | D:1      | Reached XP level 2. HP: 20/20 MP: 1/3
   102 | D:1      | Learned a level 2 spell: Passwall
   273 | D:2      | Reached skill level 4 in Earth Magic
   282 | D:2      | Reached XP level 3. HP: 8/26 MP: 0/5
   490 | D:3      | Slain by a hound

Vault maps used:
D:1:      erik_arrival_orb_chamber, chequers_serial_rivers_room_a
D:2:      lemuel_flame_loot_1, uniq_robin, uniq_jessica
D:3:      hangedman_abyss_or_decor_lesser_grid
D:4:      first_ration, uniq_duvessa

Skill      XL: |  1  2 |
---------------+-------+-----
Spellcasting   | 2 |  2.2
Earth Magic    | 4 |  4.3
Dodging        | |  1.7
Stealth        | |  2.1
Transmutations | |  0.8

Action                   || total
-------------------------++-------
Melee: Unarmed           ||    51
 Cast: Sandblast         ||    16
 Stab: Sleeping          ||     1
  Eat: Chunk             ||    12
Armor: Robe              ||     6
Dodge: Dodged            ||    36

Table legend:
 A = Non-vault XP
 B = Vault XP
 C = Vault XP percentage of total XP
 D = Non-vault monster count
 E = Vault monster count
 F = Vault count percentage of total count
                 A         B        C        D         E       F
            +---------+---------+-------+---------+---------+-------
      Total |      46 |       0 |   0.0 |      16 |       0 |   0.0
            +---------+---------+-------+---------+---------+-------
        D:1 |      14 |       0 |   0.0 |       7 |       0 |   0.0
        D:2 |      20 |       0 |   0.0 |       5 |       0 |   0.0
        D:3 |      12 |       0 |   0.0 |       4 |       0 |   0.0
            +---------+---------+-------+---------+---------+-------
